ElectroGuy, lawful female human Valkyrie ------ ------- ----- |.-..| -....+ +...| |.|..| |....| |... ##..----+-----.@..---- --+-----...| ------------ # |...............................| |...........#########|.-|-----+--.....a.- ---- ---...| |..........| #|.|..|..| |......@| |...| |.<.........#########|.|..|..| |......G| |...| ------------ #|.----|-----v......| |...| #|..(.......d.......| |...| #|.-------)-------M--------- |...| #|.-.[%*|...|..(.|......|((( |...| #|)|.%./|...|(((.-.|%...|(((.+...| #|.|./?+|...|(((.|.|....|((( |...| #|.---------------.-----------...| #|...............................| #--------------------------------- ElectroGuy the Fighter Experience level: 7 Strength: 16 Dexterity: 14 Constitution: 18 Intelligence: 6 Wisdom: 6 Charisma: 10 Health: 65(75) Energy: 14(14) Def: 5 Gold: 535 Moves: 4158 Dungeon seed: ddGBRataL9TC6_3u Game ID: ElectroGuy_1577402715 Your Inventory: Coins $ - 535 gold pieces Weapons a - a +2 long sword (alternate weapon; not wielded) t - a +0 aklys (in quiver) R - the blessed rustproof +0 Excalibur (weapon in hand) Armor e - a blessed burnt +3 small shield (being worn) n - a cursed +0 dunce cap (being worn) z - an uncursed +0 dwarvish iron helm N - an uncursed +0 pair of iron shoes (being worn) X - an uncursed +0 studded leather armor Comestibles c - 2 uncursed food rations Scrolls S - 4 uncursed scrolls of blank paper U - a cursed scroll of blank paper Spellbooks F - an uncursed spellbook of force bolt Rings r - an uncursed ring of searching (on left hand) Wands j - a wand of locking (0:1) v - a wand of speed monster (0:0) O - a wand of teleportation (0:2) Tools J - a tinning kit (0:97) Q - 4 blessed wax candles (0:400) W - 7 uncursed tallow candles (0:200) Gems q - an uncursed touchstone y - an uncursed worthless piece of blue glass D - an uncursed worthless piece of orange glass K - an uncursed worthless piece of green glass M - an uncursed worthless piece of yellowish brown glass T - 2 uncursed worthless pieces of yellow glass Y - an uncursed obsidian stone Spells and supernatural/magical abilities: Name Level Category Fail Memory a - force bolt 1 attack 84% 91% W - pray for help -- divine ? -- Your skills at the end: Fighting Skills Weapon Skills dagger [Basic] long sword [Basic] Spellcasting Skills Final Attributes: You were devoutly aligned. You were fire resistant. You were cold resistant. You were level-drain resistant. You had automatic searching. You were stealthy. You were fast. You were unlucky. You are dead. Vanquished creatures: a watchman 2 giant beetles a gnome king a dwarf lord a soldier ant 3 fire ants a bugbear 6 gnome lords 3 gnomish wizards a black naga hatchling a golden naga hatchling 2 paper golems a giant ant 3 dwarves a kobold lord a rabid rat an orc zombie 10 manes a giant rat 2 cave spiders a yellow mold 26 gnomes 2 garter snakes 4 gnome zombies 2 jackals 7 sewer rats 4 grid bugs 6 lichens 2 kobold zombies 9 newts 106 creatures vanquished. Voluntary challenges: You had been an atheist until turn 1914. You used a wielded weapon 129 times, starting on turn 100. You read items or engraved 8 times, starting on turn 1536. You never genocided any monsters. You never polymorphed an object. You never changed form. You used no wishes. You never split a pudding. You wrote Elbereth's name 1 time, starting on turn 1536. You violated your moral code, losing 28 points of alignment, starting on turn 2972. Dungeon overview: The Dungeons of Doom: levels 1 to 3 Level 1 a long staircase Level 2 Level 3 stairs to The Gnomish Mines The Gnomish Mines: levels 4 to 7 Level 4 stairs to The Dungeons of Doom Level 5 Level 6 Level 7 <- You were here some shops History has recorded: On T:1 you entered the Dungeons of Doom to retrieve the Amulet of Yendor! On T:530 you reached level 2 of The Dungeons of Doom. On T:842 you reached level 3 of The Dungeons of Doom. On T:1385 you reached level 1 of The Gnomish Mines. On T:1402 you advanced to experience level 2. On T:1857 you advanced to experience level 3. On T:1973 you advanced to experience level 4. On T:2101 you reached level 2 of The Gnomish Mines. On T:2213 you advanced to experience level 5. On T:2706 you reached level 3 of The Gnomish Mines. On T:2849 you advanced to experience level 6. On T:3637 you reached level 4 of The Gnomish Mines. On T:4117 you advanced to experience level 7. Score breakdown: Gold: 535 ( 9283 points) Experience: 7 levels (13645 points) Exploration: 7 levels ( 14.29%) (10606 points) Discoveries: 14 items ( 5.69%) ( 7156 points) Valuables value: (no points given unless you survive) Artifact value: 4000 (12253 points) Variety of kills: 30 monsters ( 7.87%) ( 8418 points) Turncount: 4158 turns (-1082 points) Survival: died (score multiplied by 80%) Total score: 48223 Latest messages: There is a broken door here. There are several objects here. X - a studded leather armor. You miss the fog cloud. (2x) The dog misses the fog cloud. (4x) The fog cloud misses the dog. The dog misses the fog cloud. (3x) From the murky depths, a hand reaches up to bless the sword. As the hand retreats, the fountain disappears! The dog bites the fog cloud. The fog cloud misses the dog. You are empty handed. a - a +2 long sword (alternate weapon; not wielded). You are now wielding your long sword named Excalibur. The soldier ant bites! The soldier ant stings! The soldier ant's sting was poisoned! The poison was deadly... Final status: Farvel ElectroGuy the Valkyrie, poisoned by a soldier ant... You were poisoned in The Gnomish Mines on dungeon level 7 with 48223 points, and 535 pieces of gold, after 4158 moves. You were level 7 with a maximum of 75 hit points when you were poisoned.